Map: [ESL] Inside and Out

Players

Serral

  • Race: Zerg Zerg
  • Spawn Location: 7:00

Gerald - Winner!

  • Race: Protoss Protoss
  • Spawn Location: 1:00

Event: DreamHack SC2 Masters 2022 Atlanta (Online)

VOD

Have the link to the VOD?

Description

Time

  • Played on: Oct. 9, 2022, 11:21 a.m.
  • Length: 23:36

All games in this series

Show
View Real Time Build Order
Export as new Build Order

Serral Zerg 

Build Orders: Hatch First, Lurkers 

Get SALT Encoding   

  12  0:00  Drone  
  13  0:12  Overlord  
  13  0:17  Drone  
  14  0:30  Drone x2  
  16  0:43  Drone  
  17  0:51  Hatchery  
  17  0:54  Drone  
  17  0:58  Drone  
  18  1:08  Extractor  
  17  1:13  Spawning Pool  
  17  1:15  Drone  
  17  1:18  Drone  
  18  1:28  Drone  
  19  1:38  Drone  
  20  1:49  Overlord  
  20  1:59  Queen  
  22  2:03  Zergling x2, Queen  
  22  2:04  Zergling x2  
  26  2:11  Drone  
  26  2:12  Metabolic Boost  
  26  2:14  Drone  
  28  2:22  Drone  
  29  2:25  Drone  
  30  2:35  Hatchery  
  29  2:42  Queen  
  31  2:46  Drone  
  31  2:47  Drone  
  33  2:52  Overlord  
  33  2:56  Zergling x2  
  34  3:01  Drone  
  34  3:11  Queen, Overlord  
  34  3:12  Drone x2  
  38  3:15  Drone  
  38  3:17  Drone  
  40  3:24  Drone  
  40  3:31  Queen  
  40  3:33  Drone x3  
  45  3:36  Drone  
  45  3:39  Spore Crawler  
  45  3:40  Drone  
  46  3:44  Overlord  
  46  3:47  Overlord  
  47  3:52  Spore Crawler  
  47  3:54  Queen  
  47  3:56  Drone  
  47  3:58  Drone  
  47  4:01  Drone x2  
  51  4:04  Drone  
  50  4:10  Drone x4  
  50  4:11  Drone  
  50  4:13  Drone  
  56  4:21  Drone x4  
  60  4:25  Spore Crawler  
  60  4:28  Drone x3  
  60  4:30  Drone  
  63  4:32  Zergling x2  
  63  4:33  Drone  
  65  4:41  Drone x2  
  65  4:42  Drone  
  65  4:43  Roach Warren  
  65  4:45  Overlord  
  67  4:46  Drone  
  67  4:47  Drone x2  
  67  4:49  Drone  
  70  4:53  Drone  
  70  4:56  Overlord  
  68  5:01  Drone x3  
  68  5:06  Extractor x2  
  69  5:11  Lair  
  69  5:14  Drone x2  
  69  5:18  Drone x2  
  69  5:19  Drone, Evolution Chamber  
  69  5:20  Hatchery  
  71  5:22  Drone x2  
  71  5:24  Evolution Chamber  
  71  5:28  Zergling x2, Overlord  
  73  5:29  Zergling x4  
  73  5:30  Drone x2  
  73  5:35  Zergling x4  
  80  5:36  Drone, Extractor  
  80  5:40  Zergling x2, Drone  
  82  5:45  Extractor x2  
  82  5:47  Drone  
  82  5:48  Spore Crawler, Drone x6  
  86  5:51  Zerg Melee Weapons Level 1  
  86  5:54  Drone x4  
  90  5:57  Drone  
  90  5:59  Drone  
  90  6:03  Overlord  
  90  6:08  Overlord  
  90  6:09  Glial Reconstitution  
  90  6:16  Spire, Overlord x2  
  88  6:20  Zergling x2  
  88  6:21  Overlord  
  88  6:26  Zergling x6  
  88  6:29  Drone x6  
  95  6:35  Drone x2  
  99  6:40  Baneling Nest, Overlord  
  99  6:41  Zergling x12  
  99  6:46  Zergling x6  
  99  6:47  Extractor  
  105  6:50  Zergling x6  
  105  6:53  Overlord  
  107  6:56  Overseer  
  107  7:06  Drone x4  
  109  7:08  Overlord  
  109  7:13  Overseer  
  107  7:16  Roach x7  
  107  7:17  Roach x3  
  107  7:18  Roach x2  
  131  7:28  Roach x2  
  131  7:29  Mutalisk x5  
  135  7:32  Centrifugal Hooks  
  135  7:35  Mutalisk x2  
  135  7:36  Mutalisk  
  135  7:37  Mutalisk  
  149  7:39  Overlord x2  
  153  7:48  Roach x3  
  159  7:53  Zerg Melee Weapons Level 2  
  159  7:55  Zergling x2  
  159  7:57  Overlord x2  
  160  8:00  Drone  
  161  8:06  Drone x6  
  161  8:08  Zergling x10  
  172  8:13  Roach x2  
  172  8:17  Overlord  
  176  8:21  Ravager  
  176  8:22  Ravager  
  176  8:23  Roach  
  176  8:24  Zergling x4  
  176  8:26  Roach x2  
  186  8:36  Overlord  
  181  8:45  Infestation Pit  
  181  8:47  Zergling x26  
  191  8:55  Baneling x35  
  191  8:58  Roach x2  
  195  9:09  Hatchery  
  194  9:11  Zergling x10  
  194  9:13  Baneling x6  
  199  9:19  Zergling x2  
  195  9:30  Zergling x16, Roach x6  
  183  9:38  Zergling x20  
  170  9:44  Roach x2  
  158  9:45  Hive  
  158  9:47  Extractor  
  158  9:48  Hydralisk Den  
  158  9:49  Roach x2  
  158  9:51  Baneling x9  
  154  9:55  Zergling x2  
  154  9:56  Zergling x8  
  159  10:04  Zergling x16  
  167  10:10  Zerg Ground Armor Level 1  
  167  10:11  Zergling x10  
  170  10:20  Zergling x6  
  172  10:25  Lurker Den  
  172  10:26  Zergling x10  
  172  10:33  Hatchery  
  172  10:34  Zergling x12, Roach x2  
  156  10:36  Zergling x2  
  156  10:37  Zergling x4  
  156  10:40  Zergling x4  
  153  10:47  Evolution Chamber  
  153  10:48  Hydralisk x3  
  158  10:51  Hydralisk x4  
  166  10:58  Hydralisk x4  
  166  11:00  Spine Crawler  
  166  11:01  Spine Crawler  
  172  11:13  Zergling x14  
  179  11:19  Zerg Missile Weapons Level 1  
  179  11:20  Spine Crawler, Adrenal Glands  
  178  11:26  Lurker x9  
  178  11:28  Zergling x14  
  178  11:32  Seismic Spines  
  191  11:34  Drone x2  
  191  11:35  Drone x4  
  191  11:39  Lurker  
  196  11:40  Lurker  
  197  11:50  Pneumatized Carapace  
  197  11:51  Overseer  
  197  11:54  Hydralisk  
  195  12:06  Hydralisk x4  
  198  12:14  Greater Spire, Drone x2  
  193  12:16  Drone  
  193  12:18  Drone  
  193  12:21  Hydralisk x2, Zerg Ground Armor Level 2  
  190  12:29  Zergling x18  
  183  12:37  Hydralisk  
  183  12:38  Hydralisk x3  
  183  12:41  Lurker  
  183  12:43  Drone  
  183  12:44  Spore Crawler, Zergling x12, Extractor  
  190  12:45  Zergling x10, Extractor  
  189  12:52  Zergling x18  
  189  12:55  Zergling x14  
  194  13:01  Zergling x12  
  189  13:09  Hydralisk x4  
  189  13:12  Adaptive Talons  
  187  13:14  Muscular Augments  
  187  13:18  Zerg Missile Weapons Level 2  
  174  13:28  Zergling x2  
  174  13:29  Zergling x18  
  174  13:32  Overlord x2  
  172  13:37  Zerg Flyer Weapons Level 1  
  166  13:47  Corruptor  
  166  13:48  Corruptor x3  
  168  13:54  Corruptor x2  
  165  14:01  Zergling x14  
  157  14:10  Zergling x12  
  157  14:16  Corruptor x2  
  151  14:25  Grooved Spines  
  151  14:26  Hydralisk x5  
  160  14:33  Corruptor  
  160  14:34  Corruptor  
  164  14:40  Lurker  
  164  14:43  Hydralisk x4  
  173  14:48  Corruptor x2  
  177  14:53  Zerg Melee Weapons Level 3  
  177  14:58  Overseer x2  
  172  15:01  Lurker x5  
  176  15:13  Corruptor x4  
  175  15:16  Zergling x8  
  176  15:21  Overseer  
  176  15:24  Hatchery  
  176  15:27  Lurker  
  176  15:28  Zergling x2  
  176  15:29  Zergling x6  
  180  15:44  Zergling x26  
  178  16:06  Zergling x2  
  178  16:07  Zergling x8  
  177  16:11  Neural Parasite, Burrow  
  177  16:12  Infestor x5  
  181  16:20  Zergling x2  
  181  16:21  Zergling x8  
  181  16:24  Zerg Flyer Armor Level 1  
  173  16:26  Overlord  
  173  16:28  Zergling x10  
  175  16:41  Hydralisk x3  
  181  16:50  Drone  
  181  16:51  Drone  
  181  16:52  Zergling x14  
  181  16:53  Zergling x4  
  192  16:59  Zerg Ground Armor Level 3  
  188  17:01  Spore Crawler  
  188  17:04  Zergling x2  
  188  17:05  Zergling x14  
  194  17:10  Overlord  
  194  17:11  Overlord  
  187  17:27  Viper x2  
  193  17:30  Pathogen Glands  
  193  17:43  Corruptor x4  
  181  17:44  Overseer  
  181  17:47  Corruptor x6  
  184  17:57  Corruptor x3  
  177  18:03  Lurker x3  
  164  18:18  Zerg Flyer Weapons Level 2  
  164  18:19  Corruptor x4  
  170  18:25  Zergling x12  
  176  18:27  Overseer  
  176  18:35  Infestor  
  176  18:36  Infestor  
  176  18:37  Overseer  
  176  18:38  Overseer  
  176  18:39  Viper  
  183  18:46  Spore Crawler  
  183  18:48  Spore Crawler  
  178  19:06  Brood Lord x5  
  184  19:18  Corruptor x3  
  189  19:40  Corruptor x2, Brood Lord x2  
  196  19:57  Hatchery  
  195  20:00  Overlord  
  195  20:02  Overlord  
  192  20:22  Corruptor  
  192  20:34  Corruptor  
  192  20:35  Infestor x2  
  198  20:49  Spore Crawler x2  
  198  20:54  Brood Lord  
  163  21:28  Brood Lord x4  
  163  21:30  Zergling x22  
  177  21:44  Zergling x14  
  180  21:52  Brood Lord  
  182  22:07  Zergling x10  
  182  22:08  Zergling x4  
  179  22:21  Corruptor  
  178  22:30  Brood Lord  
  177  22:40  Corruptor  
  179  22:51  Corruptor x2  
  177  23:06  Corruptor  
Show
View Real Time Build Order
Export as new Build Order

Gerald Protoss - Winner!

Build Orders: 1 Gate Expand, Double Forge, Oracle Opening, Zealot Archon 

Get SALT Encoding   

  12  0:00  Probe  
  13  0:12  Probe  
  14  0:19  Pylon  
  14  0:25  Probe (Chrono Boost)  
  15  0:37  Probe (Chrono Boost)  
  15  0:40  Gateway  
  16  0:45  Probe (Chrono Boost)  
  16  0:49  Assimilator  
  17  0:51  Probe  
  18  1:03  Probe  
  19  1:16  Probe  
  20  1:25  Nexus  
  20  1:28  Probe  
  21  1:37  Cybernetics Core  
  21  1:40  Probe  
  22  1:48  Assimilator  
  22  1:53  Pylon  
  22  1:55  Probe  
  23  2:11  Adept (Chrono Boost), Probe  
  26  2:21  Stargate  
  26  2:23  Probe  
  27  2:31  Adept (Chrono Boost)  
  27  2:35  Probe  
  27  2:36  Warp Gate, Probe  
  31  2:47  Probe  
  31  2:49  Probe  
  33  2:53  Stalker  
  35  2:59  Probe  
  35  3:01  Probe  
  37  3:11  Oracle (Chrono Boost)  
  37  3:19  Probe x2, Pylon  
  42  3:31  Probe x2  
  44  3:34  Pylon  
  42  3:41  Oracle  
  42  3:43  Probe x2  
  47  3:50  Gateway  
  47  3:55  Probe  
  47  3:57  Nexus  
  47  3:59  Pylon  
  47  4:00  Probe  
  49  4:08  Probe  
  48  4:12  Probe  
  49  4:18  Forge  
  49  4:19  Forge  
  49  4:21  Assimilator  
  49  4:23  Probe  
  49  4:24  Assimilator  
  50  4:25  Adept  
  50  4:27  Probe  
  53  4:36  Probe, Pylon  
  54  4:39  Probe  
  54  4:45  Twilight Council  
  55  4:46  Stalker  
  55  4:47  Adept  
  55  4:48  Probe  
  55  4:51  Probe  
  58  5:00  Probe (Chrono Boost)  
  58  5:01  Oracle  
  58  5:03  Protoss Ground Weapons Level 1 (Chrono Boost), Probe (Chrono Boost)  
  58  5:04  Protoss Ground Armor Level 1 (Chrono Boost)  
  63  5:10  Probe (Chrono Boost)  
  63  5:12  Probe (Chrono Boost)  
  66  5:15  Probe (Chrono Boost)  
  66  5:19  Probe (Chrono Boost)  
  66  5:20  Probe (Chrono Boost)  
  68  5:21  Probe (Chrono Boost)  
  68  5:24  Probe (Chrono Boost)  
  68  5:25  Pylon  
  68  5:27  Adept, Probe (Chrono Boost)  
  68  5:28  Adept, Pylon  
  75  5:31  Probe (Chrono Boost)  
  76  5:36  Blink (Chrono Boost)  
  76  5:42  Probe (Chrono Boost)  
  79  5:43  Probe (Chrono Boost)  
  79  5:44  Probe (Chrono Boost)  
  79  5:45  Templar Archives  
  79  5:49  Probe (Chrono Boost)  
  80  5:50  Probe (Chrono Boost)  
  80  5:54  Probe  
  82  6:01  Probe  
  82  6:03  Probe  
  80  6:04  Assimilator  
  80  6:06  Probe  
  80  6:09  Gateway  
  80  6:10  Gateway  
  81  6:12  Gateway  
  81  6:14  Gateway, Assimilator  
  81  6:17  Probe  
  81  6:18  Stalker x2  
  86  6:32  Probe  
  86  6:33  Pylon  
  86  6:35  Probe  
  86  6:36  Probe  
  88  6:40  Nexus  
  88  6:41  Pylon  
  88  6:45  Probe  
  88  6:47  Gateway x2  
  89  6:48  Probe  
  89  6:49  High Templar x2  
  89  6:50  Probe  
  89  6:52  Protoss Ground Weapons Level 2 (Chrono Boost)  
  95  6:56  Archon  
  95  6:57  Probe  
  95  6:59  Photon Cannon  
  95  7:00  Probe  
  97  7:01  Pylon  
  97  7:02  Probe  
  97  7:04  Photon Cannon  
  97  7:06  High Templar  
  97  7:07  High Templar  
  102  7:09  Probe, Stalker x2  
  102  7:11  Archon  
  102  7:12  Stalker x2  
  111  7:19  Probe x2  
  111  7:21  Probe, Photon Cannon  
  114  7:27  Gateway  
  114  7:31  Probe x2  
  114  7:33  Probe  
  114  7:34  Stalker x2  
  121  7:38  Pylon  
  121  7:39  Stalker  
  121  7:40  Stalker x2  
  121  7:43  Shield Battery, Probe  
  128  7:46  Probe  
  128  7:49  Psionic Storm  
  129  7:55  Probe  
  129  7:57  Assimilator  
  131  7:58  Probe  
  131  8:00  High Templar x2  
  131  8:01  Assimilator  
  131  8:04  High Templar  
  131  8:05  Probe, Pylon  
  138  8:08  Charge (Chrono Boost)  
  138  8:17  Protoss Ground Armor Level 2 (Chrono Boost)  
  138  8:18  Pylon  
  138  8:24  Gateway  
  138  8:25  Pylon  
  138  8:27  Stalker x4  
  138  8:30  Archon  
  144  8:35  Stalker x3  
  144  8:39  Stalker  
  144  8:40  Stalker  
  146  8:48  Probe  
  146  8:49  Probe, Photon Cannon  
  146  8:50  Shield Battery  
  146  8:51  Probe  
  146  8:54  High Templar  
  151  8:58  Nexus  
  151  9:00  Stalker x3, Pylon  
  151  9:01  Stalker  
  151  9:02  Shield Battery, Probe  
  157  9:03  Pylon  
  157  9:04  Phoenix (Chrono Boost)  
  158  9:10  Probe  
  158  9:11  Stalker  
  158  9:13  Probe x2  
  158  9:14  Probe  
  163  9:17  Photon Cannon  
  163  9:22  Stalker x2  
  163  9:23  Stalker  
  169  9:30  Archon  
  150  9:32  High Templar  
  150  9:33  High Templar  
  139  9:42  Stalker x3  
  141  9:48  Shield Battery, Photon Cannon  
  141  9:51  Photon Cannon  
  141  9:52  Probe, High Templar x2  
  146  9:53  Probe  
  146  9:56  Pylon  
  146  9:58  Gateway  
  146  10:01  Probe  
  146  10:02  Probe  
  146  10:08  Probe x2, Gateway  
  146  10:13  Probe  
  148  10:17  Stalker x4  
  154  10:21  Probe  
  155  10:35  Archon  
  147  10:39  Stalker, High Templar x2  
  147  10:40  Stalker x3  
  147  10:41  Probe  
  140  10:46  Protoss Ground Armor Level 3 (Chrono Boost)  
  140  10:47  Probe x2  
  140  10:48  Probe x2  
  140  10:52  Photon Cannon  
  140  10:53  Shield Battery, Probe  
  140  10:54  Protoss Ground Weapons Level 3 (Chrono Boost)  
  140  10:56  Gateway, High Templar  
  143  10:58  Gateway  
  143  10:59  Photon Cannon, Probe x2  
  143  11:02  Assimilator  
  145  11:04  Assimilator  
  145  11:08  Stalker x3  
  145  11:09  Gateway  
  145  11:11  Pylon  
  151  11:14  Probe  
  152  11:18  Gateway  
  152  11:21  Fleet Beacon  
  152  11:22  Zealot x3  
  152  11:23  Zealot x2  
  162  11:41  Zealot x4, Gateway  
  162  11:43  Shield Battery  
  170  11:48  Stargate, Stalker x2  
  170  11:49  Stalker x3  
  170  11:50  Pylon  
  170  11:52  Pylon  
  180  11:55  Protoss Air Weapons Level 1 (Chrono Boost)  
  180  11:56  Oracle  
  181  12:08  Stalker x6  
  161  12:16  Zealot x2  
  161  12:17  Zealot x4  
  169  12:32  Zealot  
  169  12:33  Zealot x3  
  169  12:35  Tempest x2 (Chrono Boost)  
  169  12:36  Mothership (Chrono Boost)  
  178  12:41  Stalker  
  178  12:42  Stalker  
  197  12:50  Stalker x4  
  179  13:05  Archon  
  165  13:07  Zealot x2  
  165  13:08  Zealot x5  
  165  13:11  Tempest x2  
  179  13:14  Zealot x4  
  153  13:32  Stalker x6  
  153  13:34  Probe  
  152  13:40  Zealot x4  
  145  13:54  Oracle (Chrono Boost)  
  145  13:56  Zealot  
  145  13:57  Zealot x4  
  146  14:03  Stalker x2  
  146  14:05  Probe x2  
  146  14:07  Probe  
  139  14:12  Tempest (Chrono Boost)  
  142  14:18  Probe  
  141  14:25  High Templar x3  
  141  14:26  Stalker x3  
  141  14:30  Nexus  
  153  14:34  Photon Cannon  
  153  14:35  Photon Cannon  
  153  14:36  Shield Battery, Zealot  
  153  14:38  Shield Battery  
  155  14:40  Pylon  
  155  14:49  Carrier (Chrono Boost)  
  167  14:58  Zealot  
  167  14:59  Zealot x2  
  173  15:00  Zealot x4  
  172  15:19  Photon Cannon  
  172  15:20  Photon Cannon  
  172  15:22  Photon Cannon  
  172  15:24  Protoss Air Weapons Level 2 (Chrono Boost), High Templar x2  
  172  15:25  High Templar x2  
  180  15:31  Gateway  
  180  15:32  Gateway  
  180  15:35  Archon  
  180  15:37  Zealot x3  
  170  16:02  Probe  
  171  16:06  Stargate x2  
  171  16:08  Protoss Shields Level 1 (Chrono Boost)  
  171  16:09  Stargate, Probe  
  171  16:10  Zealot x3  
  171  16:11  Zealot x4  
  186  16:24  Probe  
  179  16:32  Photon Cannon  
  179  16:33  Photon Cannon  
  179  16:35  Photon Cannon  
  179  16:37  Zealot x6, Photon Cannon  
  179  16:38  Zealot x3  
  188  17:02  Zealot  
  188  17:03  Zealot x5  
  200  17:13  Archon  
  200  17:27  Carrier (Chrono Boost)  
  184  17:47  Nexus  
  171  17:58  Carrier (Chrono Boost)  
  171  17:59  Stalker x3  
  171  18:00  Stalker x4  
  187  18:18  Protoss Shields Level 2 (Chrono Boost)  
  181  18:24  Carrier (Chrono Boost)  
  185  18:28  Carrier (Chrono Boost)  
  185  18:30  Zealot x4  
  199  18:34  Pylon  
  199  18:36  Protoss Air Weapons Level 3 (Chrono Boost)  
  199  18:44  Pylon  
  199  18:54  Pylon  
  191  19:16  Nexus  
  191  19:20  Photon Cannon  
  191  19:21  Photon Cannon  
  191  19:22  Stalker  
  191  19:23  Photon Cannon, Stalker x2  
  197  19:25  Shield Battery  
  197  19:26  Shield Battery  
  181  19:54  High Templar x3  
  181  19:55  Tempest, High Templar x2  
  196  20:00  Gateway  
  196  20:02  Gateway  
  196  20:04  Assimilator  
  196  20:06  Assimilator  
  196  20:14  Pylon  
  196  21:01  Protoss Air Armor Level 1 (Chrono Boost)  
  186  21:14  Probe  
  186  21:16  Zealot x11  
  193  21:19  Carrier  
  199  21:31  Gateway  
  187  21:53  Stalker x3  
  187  21:54  Zealot x8  
  185  22:14  Stalker x3  
  183  22:17  Zealot x8  
  199  22:28  Photon Cannon  
  199  22:29  Photon Cannon  
  199  22:30  Photon Cannon  
  199  22:31  Nexus  
  199  22:32  Pylon x3  
  190  22:53  Zealot x5  
  194  23:11  Zealot x3  
  194  23:12  Zealot  
  199  23:16  Zealot  
Tags
 
Add a new tag
Caveats
  • Supply blocks, unpowered buildings, or Contaminate may cause inaccurate times.
  • Supply counts are checked every 10 seconds.